 Dungeon Crawl Stone Soup version 0.23-a0-650-ga4d50d4 (webtiles) character file.

48 Borgoz the Sneak (level 3, 0/28 HPs)
             Began as a Demonspawn Assassin on Jan 3, 2019.
             Succumbed to an adder's poison
             ... on level 2 of the Dungeon.
             The game lasted 00:01:31 (952 turns).

Borgoz the Sneak (Demonspawn Assassin)               Turns: 952, Time: 00:01:32

Health: 0/28       AC:  5    Str: 11    XL:     3   Next: 50%
Magic:  3/3        EV: 17    Int: 12    God:
Gold:   46         SH:  0    Dex: 20    Spells: 2/2 levels left

rFire    . . .     SeeInvis .   a - +2 dagger
rCold    . . .     Gourm    .   (no shield)
rNeg     . . .     Faith    .   c - +0 robe
rPois    .         Spirit   .   (no helmet)
rElec    .         Reflect  .   d - +0 cloak
rCorr    .         Harm     .   (no gloves)
MR       .....                  (no boots)
Stlth    ++++......             (no amulet)
HPRegen  0.09/turn              (no ring)
MPRegen  0.08/turn              (no ring)

@: agile, lethally poisoned (0 -> -2), flying
A: hooves 1, molten scales 1
a: no special abilities


You were on level 2 of the Dungeon.
You were not hungry.

You visited 1 branch of the dungeon, and saw 2 of its levels.

You collected 46 gold pieces.

Inventory:

Hand Weapons
 a - a +2 dagger (weapon)
 b - a +0 blowgun
Missiles
 e - 8 poisoned needles
 f - 2 curare-tipped needles
Armour
 c - a +0 robe (worn)
 d - a +0 cloak (worn)
Jewellery
 o - an uncursed ring of resist corrosion {unknown}
Scrolls
 h - 2 scrolls of remove curse {unknown}
 j - 2 scrolls of noise {unknown}
 l - 2 scrolls of teleportation {unknown}
 n - a scroll of enchant armour {unknown}
Comestibles
 g - 4 rations
 m - 3 chunks of flesh


   Skills:
 + Level 2.6 Fighting
 + Level 2.3 Short Blades
 - Level 1.7 Throwing
 + Level 1.6 Dodging
 + Level 4.0 Stealth


You had 2 spell levels left.
You didn't know any spells.
Your spell library was empty.

Dungeon Overview and Level Annotations

Branches:
Dungeon (2/15)

Altars:


Innate Abilities, Weirdness & Mutations

You have large cloven feet.
You are partially covered in molten scales. (AC +2)


Message History

You feel sick.
* * * LOW HITPOINT WARNING * * *
You feel sick.
* * * LOW HITPOINT WARNING * * *
You feel sick.
* * * LOW HITPOINT WARNING * * *
You feel sick.
* * * LOW HITPOINT WARNING * * *
You feel sick.
* * * LOW HITPOINT WARNING * * *
You feel sick.
* * * LOW HITPOINT WARNING * * *
You feel sick.
* * * LOW HITPOINT WARNING * * *
You feel sick.
* * * LOW HITPOINT WARNING * * *
You feel sick.
* * * LOW HITPOINT WARNING * * *
You feel sick.
You die...

#.##....# #######.#####.#
#....##.# #.# ....
#....##.# #.#.....
#....##.#####.#.....
#....##.#.....#.....
######....##.#.....#.....
#>.......................
+......(@..........#### #
#..(.(.#######.....# #
#(###### #.....# #
#.....###################
#.....'..................
##....###############....
#....# #.... ######
#...รท #....


There were no monsters in sight!

Vanquished Creatures
  2 adders (D:2)
  A dart slug (D:1)
  4 goblins (D:1)
  6 hobgoblins
  6 bats (D:1)
  5 frilled lizards
  4 kobolds (D:1)
  A rat (D:1)
29 creatures vanquished.

Notes
Turn   | Place    | Note
-------+----------+-------------------------------------------
     0 | D:1      | Borgoz the Demonspawn Assassin began the quest for the Orb.
     0 | D:1      | Reached XP level 1. HP: 16/16 MP: 1/1
    58 | D:1      | Reached skill level 1 in Dodging
   188 | D:1      | Gained mutation: You are partially covered in molten
                  | scales. (AC +2) [demonic ancestry]
   188 | D:1      | Reached XP level 2. HP: 13/22 MP: 2/2
   843 | D:2      | Gained mutation: You have large cloven feet. [demonic
                  | ancestry]
   843 | D:2      | Reached XP level 3. HP: 28/28 MP: 3/3
   924 | D:2      | Reached skill level 4 in Stealth
   948 | D:2      | HP: 1/28 [poisoned by an adder]
   952 | D:2      | Succumbed to an adder's poison

Vault maps used:
D:1:      zaba_arrival_water, nrook_campfire
D:2:      uniq_crazy_yiuf_cottage

Skill      XL: |  1  2  3 |
---------------+----------+-----
Dodging        | 1 |  1.6
Short Blades   | 2 |  2.3
Stealth        | 4 |  4.0
Fighting       | |  2.6
Throwing       | |  1.7

Action                   || total
-------------------------++-------
Melee: Dagger            ||    78
       Kick              ||     1
  Use: Potion            ||     2
 Stab: Sleeping          ||     7
       Distracted        ||     1
Armor: Robe              ||    18
Dodge: Dodged            ||    35

Table legend:
 A = Non-vault XP
 B = Vault XP
 C = Vault XP percentage of total XP
 D = Non-vault monster count
 E = Vault monster count
 F = Vault count percentage of total count
                 A         B        C        D         E       F
            +---------+---------+-------+---------+---------+-------
      Total |      69 |       0 |   0.0 |      29 |       0 |   0.0
            +---------+---------+-------+---------+---------+-------
        D:1 |      36 |       0 |   0.0 |      23 |       0 |   0.0
        D:2 |      33 |       0 |   0.0 |       6 |       0 |   0.0
            +---------+---------+-------+---------+---------+-------
